 Dungeon Crawl Stone Soup version 0.23.2 (webtiles) character file.

Game seed: 5839366919357873442

16802 Fang the Fighter (level 12, 0/121 HPs)
             Began as a Gargoyle Berserker on Apr 3, 2019.
             Was a High Priest of Trog.
             Engulfed by an ice dragon's freezing vapour (20 damage)
             ... on level 10 of the Dungeon.
             The game lasted 00:13:00 (10632 turns).

Fang the Fighter (Gargoyle Berserker)              Turns: 10632, Time: 00:13:01

Health: 0/121      AC: 26    Str: 32    XL:     12   Next: 41%
Magic:  12/12      EV: 11    Int:  7    God:    Trog [*****.]
Gold:   521        SH:  0    Dex:  9    Spells: 11/11 levels left

rFire    . . .     SeeInvis .   n - +1 war axe (elec)
rCold    . . .     Gourm    .   (no shield)
rNeg     + . .     Faith    .   i - +1 plate armour
rPois    ∞         Spirit   .   s - +2 hat
rElec    +         Reflect  .   (no cloak)
rCorr    +         Harm     .   (no gloves)
MR       .....                  (no boots)
Stlth    ..........             (no amulet)
HPRegen  0.30/turn              g - ring of stealth
MPRegen  0.13/turn              v - ring of resist corrosion

@: berserking, slow
A: negative energy resistance 1, electricity resistance, unbreathing,
petrification resistance, rot immunity, AC +8
a: Berserk, Trog's Hand, Brothers in Arms, Renounce Religion


You were on level 10 of the Dungeon.
You worshipped Trog.
Trog was extremely pleased with you.
You were hungry.

You visited 2 branches of the dungeon, and saw 11 of its levels.
You also visited: Bailey.

You collected 521 gold pieces.

Inventory:

Hand Weapons
 n - a +1 war axe of electrocution (weapon)
 w - a +0 battleaxe
Armour
 i - a +1 plate armour (worn)
 s - a +2 hat (worn)
Jewellery
 g - a ring of stealth (left hand)
 v - a ring of resist corrosion (right hand)
Wands
 e - a wand of acid (11)
 j - a wand of flame (32)
 l - a wand of digging (7)
 x - a wand of scattershot (8)
Scrolls
 b - a scroll of magic mapping
 h - a scroll of fear
 m - 4 scrolls of teleportation
 o - 2 scrolls of remove curse
 q - a scroll of identify
Potions
 d - a potion of mutation
 k - 3 potions of heal wounds
 p - 3 potions of flight
 t - 6 potions of magic
 u - 2 potions of berserk rage
 A - 4 potions of curing
Comestibles
 a - 3 chunks of flesh
 c - 21 rations


   Skills:
 + Level 12.1 Fighting
 + Level 10.3 Axes
 + Level 9.9 Armour
 + Level 7.7 Dodging


You had 11 spell levels left.
You didn't know any spells.
Your spell library was empty.

Dungeon Overview and Level Annotations

Branches:
Dungeon (10/15)            Temple (1/1) D:4            Lair (0/6) D:9
    Orc: D:9-12

Altars:
Cheibriados
Dithmenos
Elyvilon
Fedhas
Kikubaaqudgha
Makhleb
Nemelex Xobeh
Okawaru
Qazlal
Ru
Sif Muna
Uskayaw
Wu Jian
Yredelemnul


Innate Abilities, Weirdness & Mutations

You are resistant to torment.
Your stone body is resilient. (AC +8)
You are immune to poison.
You resist negative energy. (rN+)
You are resistant to electric shocks. (rElec)
You can survive without breathing.
You are immune to petrification.
You are immune to rotting.


Message History

The ice dragon is heavily wounded.
You closely miss the ice dragon.
The ice dragon is heavily wounded.
The ice dragon breathes frost at you. The blast of cold misses you.
You completely miss the ice dragon.
The ice dragon is heavily wounded.
You are engulfed in freezing vapours.
* * * LOW HITPOINT WARNING * * *
You closely miss the ice dragon.
The ice dragon is heavily wounded.
You are engulfed in freezing vapours.
* * * LOW HITPOINT WARNING * * *
The ice dragon bites you but does no damage.
The ice dragon claws you but does no damage.
The ice dragon tramples you but does no damage.
You barely miss the ice dragon.
The ice dragon is heavily wounded.
You are engulfed in freezing vapours.
You die...

##..##
##.####
##....##
#......
#......#
#..####
##......#
#......
#.......##
#.####.
#........#
#.# #.
#≈≈......#
#.# #.
#≈≈°.....#
#.# #.
#≈≈@≈≈).≈#
#.# #.
#≈)D≈≈≈≈≈#
#.# ##
#...≈≈≈≈≈#
#.#
#...≈≈≈≈≈#
#.#
#..$$≈≈###
#.#####
#..$$≈##
#......
#?%.###
#######
##((#


You could see an ice dragon.

Vanquished Creatures
  Harold (D:7)
  Erolcha (D:10)
  Urug (D:10)
  Psyche (D:8)
  A gargoyle (D:10)
  2 hippogriffs
  7 yaks (D:9)
  Grum (D:8)
  2 basilisks (D:9)
  A hungry ghost (D:9)
  2 porcupines (D:9)
  Duvessa (D:7)
  An eye of draining (D:8)
  2 orc warriors
  3 sky beasts
  2 black bears
  2 phantoms
  3 ice beasts
  A necrophage (D:7)
  3 wolves (D:8)
  2 ogres
  7 centaurs
  A big kobold (D:9)
  5 bullfrogs
  Dowan (D:7)
  5 scorpions
  10 killer bees
  4 howler monkeys
  6 crimson imps
  2 centaur zombies (D:10)
  4 orc wizards
  Crazy Yiuf (D:2)
  An orc priest (D:8)
  A centaur skeleton (D:8)
  3 hounds
  2 jellies
  Jessica (D:2)
  2 bullfrog skeletons (D:10)
  3 iguanas
  7 worker ants
  A killer bee zombie (D:6)
  2 hound skeletons
  2 worker ant zombies (D:6)
  2 howler monkey skeletons
  A howler monkey zombie (D:3)
  13 gnolls (Bailey)
  10 adders
  2 shadow imps
  3 oozes
  An adder zombie (D:5)
  An adder skeleton (D:9)
  2 worms
  9 leopard geckos
  13 orcs
  8 giant cockroaches
  10 goblins
  15 hobgoblins
  16 jackals
  2 quokkas (D:8)
  A ball python (D:2)
  6 bats
  4 frilled lizards
  18 kobolds
  9 rats
257 creatures vanquished.

Vanquished Creatures (others)
  3 bushes (D:9)
  6 fungi (D:9)
  20 plants (D:9)
29 creatures vanquished.

Grand Total: 286 creatures vanquished

Notes
Turn   | Place    | Note
-------+----------+-------------------------------------------
     0 | D:1      | Fang the Gargoyle Berserker began the quest for the Orb.
     0 | D:1      | Reached XP level 1. HP: 14/14 MP: 1/1
    21 | D:1      | Reached XP level 2. HP: 13/19 MP: 2/2
   977 | D:2      | Reached XP level 3. HP: 22/23 MP: 3/3
  1087 | D:2      | Reached ** piety under Trog
  1257 | D:2      | Found a runed translucent door.
  1258 | D:2      | Noticed Crazy Yiuf
  1373 | D:2      | Noticed Jessica
  1379 | D:2      | Killed Jessica
  1379 | D:2      | Reached XP level 4. HP: 26/29 MP: 4/4
  1417 | D:2      | Reached skill level 4 in Fighting
  1580 | D:2      | Killed Crazy Yiuf
  1761 | D:3      | Reached XP level 5. HP: 33/33 MP: 5/5
  2384 | D:3      | Found an ornate altar of the Wu Jian Council.
  2531 | D:3      | Found a deep blue altar of Sif Muna.
  2700 | D:4      | Found a staircase to the Ecumenical Temple.
  2732 | D:4      | Reached XP level 6. HP: 21/39 MP: 6/6
  2769 | Temple   | Entered the Ecumenical Temple
  3141 | D:4      | Reached *** piety under Trog
  3967 | D:4      | Reached skill level 5 in Fighting
  4083 | D:4      | Noticed a sky beast
  4097 | D:4      | Killed a sky beast
  4097 | D:4      | Reached XP level 7. HP: 41/44 MP: 7/7
  4235 | D:5      | Entered Level 5 of the Dungeon
  4269 | D:5      | Found an iron altar of Okawaru.
  4806 | D:5      | Found a basalt altar of Yredelemnul.
  5228 | D:6      | Found a basalt altar of Yredelemnul.
  5266 | D:6      | Reached skill level 5 in Armour
  5306 | D:6      | Reached XP level 8. HP: 41/51 MP: 8/8
  5399 | D:6      | Reached skill level 6 in Fighting
  5399 | D:6      | Reached skill level 5 in Axes
  5462 | D:6      | Found a shadowy altar of Dithmenos.
  6054 | D:7      | Reached **** piety under Trog
  6062 | D:7      | Noticed Duvessa
  6062 | D:7      | Noticed Dowan
  6067 | D:7      | Killed Duvessa
  6067 | D:7      | Reached XP level 9. HP: 56/56 MP: 9/9
  6073 | D:7      | Killed Dowan
  6090 | D:7      | Found a sacrificial altar of Ru.
  6106 | D:7      | Reached skill level 7 in Fighting
  6183 | D:7      | Reached skill level 5 in Dodging
  6266 | D:7      | Noticed Harold
  6274 | D:7      | Killed Harold
  6531 | D:7      | Found a sparkling altar of Nemelex Xobeh.
  6535 | D:7      | Found a snail-covered altar of Cheibriados.
  6715 | D:8      | Reached skill level 8 in Fighting
  6801 | D:8      | Found a flagged portal.
  6814 | Bailey   | Entered a bailey
  6910 | Bailey   | Reached ***** piety under Trog
  6922 | Bailey   | HP: 2/59 [gnoll/+1 halberd of electrocution (7)]
  6942 | Bailey   | Reached XP level 10. HP: 38/64 MP: 10/10
  7205 | D:8      | Noticed Psyche
  7215 | D:8      | Killed Psyche
  7421 | D:8      | Noticed Grum
  7436 | D:8      | Killed Grum
  8256 | D:9      | Reached skill level 9 in Fighting
  8335 | D:9      | Found a stormy altar of Qazlal.
  8884 | D:9      | Found a staircase to the Lair.
  8893 | D:9      | Reached XP level 11. HP: 40/71 MP: 11/11
  9368 | D:9      | Reached skill level 11 in Fighting
  9368 | D:9      | Reached skill level 10 in Axes
  9368 | D:9      | Reached XP level 12. HP: 81/81 MP: 12/12
  9433 | D:10     | Entered Level 10 of the Dungeon
  9450 | D:10     | Noticed Erolcha
  9461 | D:10     | Killed Erolcha
  9628 | D:10     | Received a gift from Trog
  9725 | D:10     | Reached skill level 12 in Fighting
  9986 | D:10     | Noticed Urug
  9997 | D:10     | Killed Urug
 10618 | D:10     | Noticed an ice dragon
 10632 | D:10     | Engulfed by an ice dragon's freezing vapour

Skill      XL: |  1  2  3  4  5  6  7  8  9 10 11 12 |
---------------+-------------------------------------+-----
Axes           | 3 4 5 6 8 10 | 10.3
Dodging        | 2 3 4 6 7 |  7.7
Armour         | 3 4 5 6 7 9 |  9.9
Fighting       | 4 5 6 8 9 11 12 | 12.1

Action                   |  1- 3 |  4- 6 |  7- 9 | 10-12 || total
-------------------------+-------+-------+-------+-------++-------
Melee: Hand axe          |   140 |   223 |       |       ||   363
       War axe           |       |    17 |   303 |   261 ||   581
Invok: Berserk           |       |     1 |     2 |     5 ||     8
       Trog's Hand       |       |       |     1 |     1 ||     2
  Use: Potion            |       |       |     4 |     3 ||     7
       Scroll            |       |       |       |    15 ||    15
  Eat: Chunk             |     2 |     9 |    12 |    17 ||    40
Armor: Animal skin       |    38 |       |       |       ||    38
       Chain mail        |    44 |   185 |   205 |       ||   434
       Plate armour      |       |       |       |   242 ||   242
Dodge: Dodged            |    97 |   131 |   210 |   158 ||   596
